 Dungeon Crawl Stone Soup version 0.29.0-13-gc9e81de378 (webtiles) character file.

Game seed: 14033750552425004242

2739 hilljack the Transmogrifier (level 9, -2/37 HPs)
             Began as a Felid Transmuter on Sept 8, 2022.
             Was an Elder of Vehumet.
             Slain by an orc warrior
             ... wielding a +2 flail of venom
             ... led by an orc warlord
              (9 damage)
             ... on level 1 of the Orcish Mines.
             The game lasted 00:53:21 (21644 turns).

hilljack the Transmogrifier (Felid Transmuter)     Turns: 21644, Time: 00:53:22

Health: -2/37      AC:  2    Str:  8    XL:     9   Next: 40%
Magic:  0/17       EV: 34    Int: 20    God:    Vehumet [****..]
Gold:   579        SH:  0    Dex: 31    Spells: 5/18 levels left
                                        Lives:  0   Deaths: 3

rFire   . . .      SeeInvis +     - Unarmed
rCold   . . .      Faith    .   (shield unavailable)
rNeg    . . .      Spirit   +   (body armour unavailable)
rPois   x          Reflect  .   (helmet unavailable)
rElec   .          Harm     .   (cloak unavailable)
rCorr   .          Rampage  .   (gloves unavailable)
Will    +....                   (boots unavailable)
Stlth   +++++.....              e - amulet of guardian spirit
HPRegen 0.12/turn               b - +6 ring of dexterity
MPRegen 0.15/turn               d - +6 ring of intelligence

@: lethally poisoned (-2 -> -61), spider-form
A: venomous fangs, tiny, (claws 1), (fangs 3), see invisible, (speed 1), (shaggy
fur 2), (stealthy paws), no weapons or thrown items, no armour, multi-lived
a: End Transformation, Renounce Religion


You were on level 1 of the Orcish Mines.
You worshipped Vehumet.
Vehumet was greatly pleased with you.
You were a venomous arachnid creature.
You visited 3 branches of the dungeon, and saw 12 of its levels.

You collected 654 gold pieces.
You spent 75 gold pieces at shops.

Inventory:

Jewellery
 b - a +6 ring of dexterity (left front leg)
 d - a +6 ring of intelligence (right front leg)
 e - an amulet of guardian spirit (around neck)
 l - a ring of ice
Wands
 j - a wand of charming (9)
 p - a wand of flame (29)
Scrolls
 k - a scroll of immolation
Potions
 a - 4 potions of lignification
 c - 4 potions of magic
 f - 2 potions of mutation
 h - 2 potions of flight
 m - a potion of cancellation {unknown}
 n - a potion of brilliance {unknown}
 o - 4 potions of attraction


   Skills:
 + Level 3.0 Fighting
 + Level 9.5 Dodging
 + Level 9.2 Stealth
 + Level 5.6 Unarmed Combat
 - Level 5.0 Spellcasting
 - Level 10.0 Transmutations
 - Level 5.2 Ice Magic
 - Level 6.4 Poison Magic


You had 5 spell levels left.
You knew the following spells:

 Your Spells              Type           Power      Damage    Failure   Level
a - Beastly Appendage     Tmut           90%        N/A       2%          1
b - Spider Form           Tmut/Pois      37%        N/A       6%          3
c - Ice Form              Ice/Tmut       35%        N/A       14%         4
d - Ignite Poison         Fire/Tmut/Pois 26%        N/A       3%          3
e - Blink                 Tloc           10%        N/A       36%         2

Your spell library contained the following spells:

 Spells                   Type           Power      Damage    Failure   Level
 Flame Wave               Conj/Fire      5%         2d5       43%         4
 Wereblood                Tmut           45%        N/A       2%          2
 Frozen Ramparts          Ice            50%        1d8       3%          3
 Olgreb's Toxic Radiance  Pois           30%        N/A       6%          4
 Foxfire                  Conj/Fire      20%        2x1d5     8%          1
 Fulminant Prism          Conj/Hex       2%         3d6       43%         4
 Iskenderun's Mystic Bla  Conj/Tloc      5%         2d3       43%         4
 Summon Guardian Golem    Hex/Summ       5%         N/A       56%         3
 Summon Ice Beast         Ice/Summ       15%        N/A       58%         4
 Lee's Rapid Deconstruct  Erth           2%         3d6*      73%         5
 Manifold Assault         Tloc           5%         N/A       99%         5
 Orb of Destruction       Conj           2%         9d5       100%        7
 Spellforged Servitor     Conj/Summ      2%         N/A       100%        7
 Storm Form               Tmut/Air       12%        N/A       100%        7


Dungeon Overview and Level Annotations

Branches:
Dungeon (9/15)             Temple (1/1) D:6            Lair (0/5) D:9
    Orc (2/2) D:9             Elf (0/3) Orc:2

Altars:
Ashenzari
Cheibriados
Dithmenos
Elyvilon
Fedhas
Gozag
Hepliaklqana
Kikubaaqudgha
Makhleb
Nemelex Xobeh
Okawaru
Qazlal
Ru
Sif Muna
Trog
Uskayaw
Vehumet
Wu Jian
Xom
Zin
The Shining One

Shops:
D:4 :   D:7 *

Annotations:
D:6 1 runed translucent door, themarg's ghost, novice GnTm
D:7 1 runed translucent door, SensoryNuts's ghost, novice DsFi


Innate Abilities, Weirdness & Mutations

You are a venomous arachnid creature.
You have poisonous fangs.
You are tiny and dextrous.
Your spellcasting is less reliable in this form.
((You have sharp claws.))
((You have razor-sharp teeth.))
You have supernaturally acute eyesight. (SInv)
((You cover ground quickly. (Speed+)))
((You are covered in thick fur. (AC +2)))
((Your paws help you pounce on unaware monsters.))
You are incapable of wielding weapons or throwing items.
You cannot wear armour.
You gain extra lives every three experience levels.


Message History

The orc hits you with a +0 dagger.
You hit the orc.
You kill the orc!
Vehumet accepts your kill.
You feel your power returning.
You start resting.
Your transformation is almost over.
Your transformation has ended.
You start resting.
Magic restored.
You start resting.
HP restored.
You climb downwards.
The orc warrior barely misses you. The orc barely misses you.
The orc completely misses you. The orc warrior barely misses you.
There is a stone staircase leading up, spattered with blood here.
The orc warrior hits you with a +2 flail of venom!
You are poisoned.
The orc completely misses you. The orc warrior completely misses you.
The orc warrior barely misses you.
You climb upwards.
You feel very sick.
There is a stone staircase leading down here.
Casting: Ignite Poison (safe; 1% risk of failure)
Confirm with . or Enter, or press ? or * to list all spells.
You turn into a venomous arachnid creature.
You feel sick. The orc completely misses you.
The orc warrior completely misses you.
You feel sick. The orc hits you with a +0 dagger.
The orc warrior completely misses you.
You are too injured to fight recklessly!
You are too injured to fight recklessly!
You hit the orc warrior but do no damage.
You feel sick. The orc completely misses you.
The orc warrior hits you with a +2 flail of venom!
* * * LOW HITPOINT WARNING * * *
You are lethally poisoned!
The orc warrior attacks as you move away!
The orc warrior hits you with a +2 flail of venom!
You die...

### #.# ###.##
#....###
###....#.#
##.......##
#.......[)###
###.....#.[s..###
#.....#####oo...#
##....#.#.#..#.##
###........<###
#.......[.#
###......##
#.....## ###.###
#.#


You could see an orc warrior and an orc.

Vanquished Creatures
  An orc warlord (Orc:1)
  A two-headed ogre (D:8)
  An orc sorcerer (Orc:2)
  A troll (D:9)
  10 yaks
  4 vampire mosquitoes (D:8)
  3 steam dragons
  5 wargs
  2 water moccasins (D:7)
  7 black bears
  5 orc warriors
  2 ice beasts
  3 sky beasts
  3 centaurs
  2 phantoms
  A gnoll sergeant (D:9)
  2 bullfrogs
  3 necrophages
  2 water moccasin zombies (D:5)
  2 scorpions (D:5)
  9 wights
  A killer bee (D:8)
  A howler monkey (D:5)
  2 jellies
  A human zombie (D:5)
  2 orc priests
  2 gnoll boudas
  2 hounds (D:4)
  5 iguanas
  8 orc wizards
  A scorpion zombie (D:5)
  A killer bee zombie (D:5)
  2 hound zombies (D:5)
  A mummy (D:5)
  2 howler monkey zombies (D:5)
  7 adders
  23 gnolls
  A white imp (D:5)
  4 ufetubi
  5 dart slugs
  23 orcs
  10 ball pythons
  6 bats
  6 endoplasms
  8 goblins
  8 hobgoblins
  4 jackals (D:5)
  4 quokkas
  8 frilled lizards
  5 kobolds
  6 rats
228 creatures vanquished.

Vanquished Creatures (collateral kills)
  An orc priest (D:7)
  An orc (D:7)
2 creatures vanquished.

Vanquished Creatures (others)
  An adder (D:6)
  13 plants
14 creatures vanquished.

Grand Total: 244 creatures vanquished

Notes
Turn   | Place    | Note
-------+----------+-------------------------------------------
     0 | D:1      | hilljack the Felid Transmuter began the quest for the Orb.
     0 | D:1      | Reached XP level 1. HP: 9/9 MP: 4/4
   239 | D:1      | Reached XP level 2. HP: 12/12 MP: 6/6
  1006 | D:1      | Reached skill level 1 in Stealth
  1109 | D:1      | Reached XP level 3. HP: 13/15 MP: 7/7
  1150 | D:1      | Found a faded altar of an unknown god.
  1152 | D:1      | Noticed a great orb of eyes
  1153 | D:1      | Noticed an eye of devastation
  1153 | D:1      | Noticed a floating eye
  1153 | D:1      | Noticed an eye of devastation
  1164 | D:1      | Prayed at the altar of an unknown god.
  1164 | D:1      | Became a worshipper of Vehumet
  1164 | D:1      | Reached * piety under Vehumet
  1164 | D:1      | Offered knowledge of Shock by Vehumet.
  2225 | D:2      | Reached ** piety under Vehumet
  2425 | D:2      | Offered knowledge of Poisonous Vapours by Vehumet.
  2507 | D:2      | Reached XP level 4. HP: 19/19 MP: 8/8
  2801 | D:3      | Learned a level 3 spell: Spider Form
  3388 | D:3      | Reached skill level 1 in Poison Magic
  3509 | D:3      | Reached skill level 3 in Transmutations
  3966 | D:4      | Reached XP level 5. HP: 13/22 MP: 3/9
  4198 | D:4      | Found a snail-covered altar of Cheibriados.
  5021 | D:4      | Reached skill level 4 in Transmutations
  5028 | D:4      | Offered knowledge of Scorch by Vehumet.
  5207 | D:4      | Found a glowing silver altar of Zin.
  5370 | D:4      | Found Aduin's Book Boutique.
  5554 | D:5      | Entered Level 5 of the Dungeon
  5554 | D:5      | Noticed a black bear
  5610 | D:5      | Gained mutation: You are covered in thick fur. (AC +2)
                  | [Felid growth]
  5610 | D:5      | Reached XP level 6. HP: 7/25 MP: 5/10
  5677 | D:5      | Reached skill level 5 in Transmutations
  6051 | D:5      | Learned a level 4 spell: Ice Form
  6202 | D:5      | HP: 1/25 [black bear (2)]
  6204 | D:5      | Reached XP level 7. HP: 28/28 MP: 0/11
  6572 | D:4      | Reached skill level 6 in Transmutations
  7113 | D:4      | Reached *** piety under Vehumet
  7990 | D:5      | Reached skill level 5 in Poison Magic
  8375 | D:5      | Reached XP level 8. HP: 29/32 MP: 12/12
  8400 | D:5      | Found an ancient bone altar of Kikubaaqudgha.
  8456 | D:5      | Reached skill level 7 in Transmutations
  8630 | D:5      | Offered knowledge of Fulminant Prism by Vehumet.
  8883 | D:6      | Noticed themarg's ghost (novice GnTm)
 10219 | D:5      | Reached skill level 8 in Transmutations
 10536 | D:6      | Found a runed translucent door.
 10658 | D:6      | Reached skill level 1 in Ice Magic
 11058 | D:6      | Reached skill level 5 in Dodging
 11058 | D:6      | Reached XP level 9. HP: 19/35 MP: 6/13
 11275 | D:6      | Found a staircase to the Ecumenical Temple.
 11283 | Temple   | Entered the Ecumenical Temple
 11564 | D:6      | HP: 1/35 [steam dragon/ball of steam (10)]
 11959 | D:7      | Found Hinwe's CLEARANCE SALE!.
 12117 | D:7      | Bought a potion of haste for 50 gold pieces
 12117 | D:7      | Bought a potion of lignification for 15 gold pieces
 12117 | D:7      | Bought a scroll of identify for 10 gold pieces
 12137 | D:7      | Found a shadowy altar of Dithmenos.
 12388 | D:7      | Got Peypofog's Quarto of the Blistering Snake
 12415 | D:7      | Reached skill level 9 in Transmutations
 12652 | D:7      | Learned a level 3 spell: Ignite Poison
 12911 | D:7      | HP: 1/33 [orc/+0 dagger (3)]
 13329 | D:7      | Found a runed translucent door.
 13331 | D:7      | Found a shimmering altar of Xom.
 13331 | D:7      | Noticed SensoryNuts's ghost (novice DsFi)
 13333 | D:7      | Noticed a +2 rapier of chaos
 14230 | D:6      | Reached skill level 5 in Stealth
 15672 | D:8      | Slain by a steam dragon
 15673 | D:8      | Reached XP level 8. HP: 0/29 MP: 0/13
 16023 | D:8      | Noticed a two-headed ogre
 16100 | D:8      | Reached **** piety under Vehumet
 16101 | D:8      | Reached XP level 9. HP: 27/35 MP: 13/15
 16532 | D:8      | Found a hide-covered altar of Uskayaw.
 16660 | D:8      | Learned a level 2 spell: Blink
 16928 | D:8      | HP: 2/42 [vampire mosquito (7)]
 17866 | D:8      | HP: 2/42 [warg (3)]
 18270 | D:9      | Reached skill level 10 in Transmutations
 18406 | D:9      | Offered knowledge of Flame Wave by Vehumet.
 18683 | D:9      | Reached XP level 10. HP: 28/39 MP: 8/17
 18979 | D:8      | Killed a two-headed ogre
 18980 | D:8      | Reached skill level 5 in Ice Magic
 19028 | D:9      | Reached skill level 5 in Spellcasting
 19473 | D:9      | Found a staircase to the Orcish Mines.
 20012 | D:9      | Reached skill level 5 in Unarmed Combat
 20094 | D:9      | Found an iron altar of Okawaru.
 20136 | D:9      | Found a staircase to the Lair.
 20577 | Orc:1    | Entered Level 1 of the Orcish Mines
 20603 | Orc:2    | Entered Level 2 of the Orcish Mines
 20603 | Orc:2    | Noticed an orc sorcerer
 20609 | Orc:2    | Killed an orc sorcerer
 20756 | Orc:2    | Found a staircase to the Elven Halls.
 20813 | Orc:2    | Noticed an orc warlord
 20839 | Orc:1    | Slain by an orc warlord
 20840 | Orc:1    | Reached XP level 9. HP: -1/37 MP: 0/17
 20852 | Orc:1    | Noticed an orc sorcerer
 20862 | Orc:1    | Killed from afar by an orc sorcerer
 20863 | Orc:1    | Reached XP level 8. HP: -5/32 MP: 0/16
 21163 | Orc:1    | Killed an orc warlord
 21164 | Orc:1    | Reached XP level 9. HP: 27/37 MP: 12/17
 21644 | Orc:1    | Slain by an orc warrior

Illustrated notes

Levels and vault maps discovered:
D:1:      heliophobic_arrival_enchanted_forest, layout_loops_ring,
          serial_co_window_serial, co_window_paths_b, co_window_paths_b,
          co_window_paths_b, co_window_of_opportunity_a, co_window_paths_a,
          co_window_paths_c, co_window_of_opportunity_b, co_window_broadway_a,
          co_window_corner_ca, co_window_unsneaky_path_d, co_window_sun,
          hellmonk_ecumenical_altar_watching_god
D:2:      layout_loops_cross, hex_large
D:3:      layout_basic, lemuel_another_geyser
D:4:      layout_basic, zin_statuary, kennysheep_slug_shrine, serial_shops,
          nicolae_lakefront_shop, chequers_serial_rivers_small_a,
          minmay_misc_feat_columns
D:5:      layout_rooms, lemuel_mausoleum_altar_kikubaaqudgha, glass_columns_a
D:6:      cheibrodos_helix_gallery, layout_loops_ring,
          minmay_temple_entry_gardened_gates, hellmonk_ghost_happy_afterlife,
          minmay_manual_mullet
D:7:      layout_gridville, grunt_dithmenos_smoke, ebering_ghost_xom,
          nicolae_eternal_life, grunt_decor_one_mirror, corexii_hall_statues_l,
          nicolae_shop_clearance
D:8:      layout_basic, mainiacjoe_overflow_24_doors, serial_bayou_lagoon_a,
          st_stairs_8
D:9:      layout_cave_pools, mainiacjoe_overflow_alcove_2,
          erik_lair_orcish_takeover, david_orc_3
Temple:   nicolae_temple_superstar
Orc:1:    layout_diamond_mine
Orc:2:    st_orc_elflike, layout_diamond_mine, serial_shops, shop

Skill      XL: |  1  2  3  4  5  6  7  8  9 10 |
---------------+-------------------------------+-----
Dodging        | 3 7 8 9 |  9.5
Stealth        | 1 2 9 7 8 |  9.2
Poison Magic   | 1 2 4 5 6 |  6.4
Transmutations | 3 4 5 6 8 10 | 10.0
Ice Magic      | 1 4 5 |  5.2
Spellcasting   | 4 5 |  5.0
Unarmed Combat | 5 |  5.6
Fighting       | 3 2 |  3.0

Action                   |  1- 3 |  4- 6 |  7- 9 | 10-12 || total
-------------------------+-------+-------+-------+-------++-------
Melee: Unarmed           |   128 |   153 |   687 |    84 ||  1052
       Bite              |    13 |    14 |    59 |       ||    86
       Punch             |       |     5 |    19 |       ||    24
       Headbutt          |       |     3 |    54 |       ||    57
 Cast: Beastly Appendage |     2 |     2 |    24 |     1 ||    29
       Spider Form       |       |     4 |    35 |     7 ||    46
       Ignite Poison     |       |       |    10 |     9 ||    19
       Ice Form          |       |       |     7 |     6 ||    13
 Abil: End Transformatio |       |       |     2 |       ||     2
Evoke: Wand              |       |     2 |     7 |    12 ||    21
  Use: Scroll            |       |     5 |     8 |     1 ||    14
       Potion            |       |     6 |     9 |       ||    15
 Stab: Sleeping          |     7 |     4 |    14 |     3 ||    28
       Distracted        |       |     1 |     1 |       ||     2
       Invisible         |       |     3 |     1 |       ||     4
Armor: Skin              |     6 |     9 |    73 |     8 ||    96
Dodge: Dodged            |   111 |   199 |   694 |    91 ||  1095
